PBL
WINDY CITY THUNDERBOLTS @ YORK REVOLUTION
07/13/2046
 
TOP OF THE 1ST
Windy City ThunderBolts batting - Pitching for York Revolution : RHP Jamie Gordam
Pitching: RHP Jamie Gordam
Batting: RHB Enrique Gomez 0-0: Ball
1-0: Ball
2-0: Called Strike
2-1: SINGLE (Line Drive, 4MD, EV 99.4 MPH)
Batting: SHB Andres Agudo 0-0: Ball
1-0: Called Strike
1-1: Ball
2-1: SINGLE (Line Drive, 8LS, EV 95.0 MPH)
Enrique Gomez to second
Runner from 2nd tries for 3rd, OUT! 8-5
Batting: SHB Noah Long 0-0: Called Strike
0-1: Ball
1-1: Ball
2-1: Ball
3-1: Foul Ball, location: 2F
3-2: Foul Ball, location: 2F
3-2: Strikes out swinging
Batting: RHB Bill Stern 0-0: Ball
1-0: Ball
2-0: Ball
3-0: Base on Balls
Andres Agudo to second
Batting: RHB David Laureano 0-0: Ball
1-0: Called Strike
1-1: Swinging Strike
1-2: SINGLE (Groundball, 6MD, EV 96.2 MPH)
Andres Agudo to third
Bill Stern to second
Runner from 3rd tries for Home, SAFE, throw by CF to home
Batting: RHB Joe Thomas 0-0: Called Strike
0-1: Swinging Strike
0-2: Ball
1-2: SINGLE (Groundball, 34D, EV 95.0 MPH)
Bill Stern to third
David Laureano to second
Runner from 3rd tries for Home, throw by RF and OUT! 9-2
Top of the 1st over - 1 run, 4 hits, 0 errors, 2 left on base; Windy City 1 - York 0
BOTTOM OF THE 1ST
York Revolution batting - Pitching for Windy City ThunderBolts : LHP Tom White
Pitching: LHP Tom White
Batting: LHB Jonathan Roman 0-0: Ball
1-0: Called Strike
1-1: Called Strike
1-2: Foul Ball, location: 2F
1-2: Foul Ball, location: 2F
1-2: Strikes out swinging
Batting: RHB Juan Valadez 0-0: Ball
1-0: Called Strike
1-1: Ball
2-1: Foul Ball, location: 2F
2-2: Ball
3-2: Foul Ball, location: 2F
3-2: Ground out U3 (Groundball, 34, EV 98.1 MPH)
Batting: RHB Jose Corral 0-0: Ball
1-0: Fly out, F8 (Flyball, 8RM, EV 91.2 MPH)
Bottom of the 1st over - 0 runs, 0 hits, 0 errors, 0 left on base; Windy City 1 - York 0
TOP OF THE 2ND
Windy City ThunderBolts batting - Pitching for York Revolution : RHP Jamie Gordam
Batting: LHB Prince Nunley 0-0: Called Strike
0-1: Ball
1-1: Ball
2-1: Foul Ball, location: 2F
2-2: Hit by Pitch
Pinch Runner at 1st Eddie Dimas:
Batting: LHB Jose Pereyra 0-0: Called Strike
0-1: Ball
1-1: Ball
Wild Pitch!
Eddie Dimas to second
2-1: Ground out 6-3 (Groundball, 6, EV 87.5 MPH)
Batting: RHB David Cortez 0-0: Ball
1-0: Called Strike
1-1: Ground out 3-1 (Groundball, 34, EV 80.0 MPH)
Eddie Dimas to third
Batting: RHB Enrique Gomez 0-0: Ball
1-0: Fly out, F7 (Line Drive, 78S, EV 96.9 MPH)
Top of the 2nd over - 0 runs, 0 hits, 0 errors, 1 left on base; Windy City 1 - York 0
BOTTOM OF THE 2ND
York Revolution batting - Pitching for Windy City ThunderBolts : LHP Tom White
Now in LF: Enrique Gomez
Now in RF: Veit Geisler
Batting: LHB Eric Farren 0-0: Ball
1-0: Ball
2-0: Called Strike
2-1: Foul Ball, location: 2F
2-2: Foul Ball, location: 2F
2-2: Foul Ball, location: 2F
2-2: SOLO HOME RUN (Flyball, 89XD, EV 101.2 MPH), Distance : 378 ft
Batting: RHB Eddie Serna 0-0: Fly out, F3 (Line Drive, 3L, EV 70.0 MPH)
Batting: RHB Dave Gallegos 0-0: Ball
1-0: Ball
2-0: Ball
3-0: Called Strike
3-1: Foul Ball, location: 2F
3-2: Reached on error, E6 (Groundball, 6, EV 75.6 MPH)
Batting: RHB Ivan Barrientos 0-0: Called Strike
0-1: Ball
1-1: Called Strike
1-2: Strikes out swinging
Batting: RHB Simon Mergeni 0-0: Called Strike
0-1: Ball
1-1: Ball
2-1: Foul Ball, location: 2F
2-2: Strikes out looking
Bottom of the 2nd over - 1 run, 1 hit, 1 error, 1 left on base; Windy City 1 - York 1
TOP OF THE 3RD
Windy City ThunderBolts batting - Pitching for York Revolution : RHP Jamie Gordam
Batting: SHB Andres Agudo 0-0: DOUBLE (Line Drive, 7LS, EV 95.0 MPH)
Batting: SHB Noah Long 0-0: Called Strike
0-1: Foul Ball, location: 2F
0-2: Strikes out swinging
Batting: RHB Bill Stern 0-0: Ball
1-0: Ball
2-0: Called Strike
2-1: Ball
3-1: Foul Ball, location: 2F
3-2: Fly out, F7 (Flyball, 7D, EV 92.5 MPH)
Batting: RHB David Laureano 0-0: Ball
1-0: Ball
2-0: Ball
3-0: Base on Balls
Batting: RHB Joe Thomas 0-0: Swinging Strike
0-1: Ball
1-1: Foul Ball, location: 2F
1-2: Strikes out swinging, 2-3 out at first.
Top of the 3rd over - 0 runs, 1 hit, 0 errors, 2 left on base; Windy City 1 - York 1
BOTTOM OF THE 3RD
York Revolution batting - Pitching for Windy City ThunderBolts : LHP Tom White
Batting: RHB Alexis Graciani 0-0: Called Strike
0-1: Foul Ball, location: 2F
0-2: Strikes out swinging
Batting: LHB Jonathan Roman 0-0: Ball
1-0: Swinging Strike
1-1: Called Strike
1-2: Ball
2-2: Strikes out swinging
Batting: RHB Juan Valadez 0-0: Called Strike
0-1: Ball
1-1: Swinging Strike
1-2: Strikes out swinging
Bottom of the 3rd over - 0 runs, 0 hits, 0 errors, 0 left on base; Windy City 1 - York 1
TOP OF THE 4TH
Windy City ThunderBolts batting - Pitching for York Revolution : RHP Jamie Gordam
Batting: SHB Veit Geisler 0-0: Foul Ball, location: 2F
0-1: Ball
1-1: Foul Ball, location: 2F
1-2: Ball
2-2: Ball
3-2: Fly out, F5 (Line Drive, 5, EV 73.8 MPH)
Batting: LHB Jose Pereyra 0-0: Called Strike
0-1: Called Strike
0-2: Fly out, F9 (Line Drive, 9D, EV 87.5 MPH)
Batting: RHB David Cortez 0-0: Foul Ball, location: 2F
0-1: Ball
1-1: Called Strike
1-2: SINGLE (Line Drive, 6MD, EV 97.5 MPH)
Batting: RHB Enrique Gomez 0-0: Called Strike
0-1: Foul Ball, location: 2F
0-2: Ball
1-2: Ball
2-2: Ground out 4-3 (Groundball, 4, EV 106.9 MPH)
Top of the 4th over - 0 runs, 1 hit, 0 errors, 1 left on base; Windy City 1 - York 1
BOTTOM OF THE 4TH
York Revolution batting - Pitching for Windy City ThunderBolts : LHP Tom White
Batting: RHB Jose Corral 0-0: Foul Ball, location: 2F
0-1: Swinging Strike
0-2: Foul Ball, location: 2F
0-2: Strikes out swinging
Batting: LHB Eric Farren 0-0: Ball
1-0: Ball
2-0: Called Strike
2-1: Ball
3-1: Foul Ball, location: 2F
3-2: SINGLE (Flyball, 6MD, EV 87.5 MPH)
Pitching: RHP Tristan Chapple
Batting: RHB Eddie Serna 0-0: Ball
1-0: Ball
2-0: Called Strike
2-1: SINGLE (Groundball, 56S, EV 74.4 MPH) (infield hit)
Eric Farren to second
Batting: RHB Dave Gallegos 0-0: Called Strike
0-1: Ball
1-1: Grounds into double play, 5-4-3 (Groundball, 56, EV 103.1 MPH)
Bottom of the 4th over - 0 runs, 2 hits, 0 errors, 1 left on base; Windy City 1 - York 1
TOP OF THE 5TH
Windy City ThunderBolts batting - Pitching for York Revolution : RHP Jamie Gordam
Pitching: RHP Dusty DuPont
Batting: SHB Andres Agudo 0-0: Ball
1-0: Ball
2-0: Ball
3-0: Called Strike
3-1: Swinging Strike
3-2: Strikes out swinging
Batting: SHB Noah Long 0-0: Called Strike
0-1: Called Strike
0-2: Ball
1-2: Ball
2-2: Foul Ball, location: 2F
2-2: Strikes out swinging
Batting: RHB Bill Stern 0-0: Ball
1-0: Called Strike
1-1: Called Strike
1-2: Ball
2-2: Ground out 5-3 (Groundball, 5S, EV 73.8 MPH)
Top of the 5th over - 0 runs, 0 hits, 0 errors, 0 left on base; Windy City 1 - York 1
BOTTOM OF THE 5TH
York Revolution batting - Pitching for Windy City ThunderBolts : RHP Tristan Chapple
Batting: RHB Ivan Barrientos 0-0: Ground out 3-1 (Groundball, 34, EV 92.5 MPH)
Batting: RHB Simon Mergeni 0-0: Called Strike
0-1: Ball
1-1: Called Strike
1-2: Ball
2-2: Foul Ball, location: 2F
2-2: Foul Ball, location: 2F
2-2: Ball
3-2: Strikes out swinging
Batting: RHB Alexis Graciani 0-0: Ball
1-0: Swinging Strike
1-1: Foul Ball, location: 2F
1-2: Foul Ball, location: 2F
1-2: Foul Ball, location: 2F
1-2: Foul Ball, location: 2F
1-2: Ball
2-2: Strikes out swinging
Bottom of the 5th over - 0 runs, 0 hits, 0 errors, 0 left on base; Windy City 1 - York 1
TOP OF THE 6TH
Windy City ThunderBolts batting - Pitching for York Revolution : RHP Dusty DuPont
Batting: RHB David Laureano 0-0: Called Strike
0-1: Ball
1-1: Ball
2-1: Ball
3-1: Base on Balls
Batting: RHB Joe Thomas 0-0: Foul Ball, location: 2F
0-1: Ball
1-1: Foul Ball, location: 2F
1-2: Strikes out swinging
Batting: SHB Veit Geisler 0-0: Ball
1-0: Ball
2-0: SINGLE (Line Drive, 78M, EV 88.1 MPH)
David Laureano to second
Batting: LHB Jose Pereyra 0-0: Fly out, F9 (Flyball, 89S, EV 88.8 MPH)
Batting: RHB David Cortez 0-0: Called Strike
0-1: Ball
1-1: Ball
2-1: Fly out, F8 (Line Drive, 8RM, EV 88.1 MPH)
Top of the 6th over - 0 runs, 1 hit, 0 errors, 2 left on base; Windy City 1 - York 1
BOTTOM OF THE 6TH
York Revolution batting - Pitching for Windy City ThunderBolts : RHP Tristan Chapple
Pitching: LHP James Reynolds
Pinch Hitting: RHB Victor Arias 0-0: Swinging Strike
0-1: Foul Ball, location: 2F
0-2: Foul Ball, location: 2F
0-2: Ball
1-2: Ball
2-2: Ball
3-2: Foul Ball, location: 2F
3-2: Strikes out swinging
Batting: RHB Juan Valadez 0-0: Ball
1-0: Ball
2-0: Called Strike
2-1: Foul Ball, location: 2F
2-2: Ball
3-2: Base on Balls
Batting: RHB Jose Corral 0-0: Ball
1-0: Called Strike
1-1: Foul Ball, location: 2F
1-2: Ball
Wild Pitch!
Juan Valadez to second
2-2: Ball
3-2: SINGLE (Groundball, 56D, EV 105.0 MPH)
Juan Valadez to third
Batting: LHB Eric Farren 0-0: Foul Ball, location: 2F
0-1: Foul Ball, location: 2F
0-2: Ball
1-2: Strikes out swinging
Batting: RHB Eddie Serna 0-0: Ball
1-0: Fly out, F7 (Line Drive, 7LM, EV 99.4 MPH)
Bottom of the 6th over - 0 runs, 1 hit, 0 errors, 2 left on base; Windy City 1 - York 1
TOP OF THE 7TH
Windy City ThunderBolts batting - Pitching for York Revolution : RHP Dusty DuPont
Pitching: RHP Dave Gomez
Now in LF: Steve DeRienzo
Batting: RHB Enrique Gomez 0-0: Called Strike
0-1: SOLO HOME RUN (Flyball, 78XD, EV 101.9 MPH), Distance : 404 ft
Batting: SHB Andres Agudo 0-0: Called Strike
0-1: Swinging Strike
0-2: Foul Ball, location: 2F
0-2: Fly out, F3 (Popup, 3F, EV 73.1 MPH)
Batting: SHB Noah Long 0-0: Ball
1-0: Ground out U3 (Groundball, 34S, EV 85.6 MPH)
Batting: RHB Bill Stern 0-0: Swinging Strike
0-1: Foul Ball, location: 2F
0-2: Ball
1-2: Strikes out swinging
Top of the 7th over - 1 run, 1 hit, 0 errors, 0 left on base; Windy City 2 - York 1
BOTTOM OF THE 7TH
York Revolution batting - Pitching for Windy City ThunderBolts : LHP James Reynolds
Pitching: LHP Keith O'Brien
Batting: RHB Dave Gallegos 0-0: Foul Ball, location: 2F
0-1: SINGLE (Groundball, 56D, EV 106.2 MPH)
Batting: RHB Ivan Barrientos 0-0: Swinging Strike
0-1: Ball
1-1: Foul Ball, location: 2F
1-2: Strikes out swinging
Batting: RHB Simon Mergeni 0-0: SINGLE (Flyball, 8RS, EV 85.0 MPH)
Dave Gallegos to second
Pinch Hitting: RHB Joel Gomez 0-0: Called Strike
0-1: Ground out 6-3 (Groundball, 4MD, EV 103.1 MPH)
Dave Gallegos to third
Simon Mergeni to second
Batting: SHB Steve DeRienzo 0-0: Ball
1-0: Swinging Strike
1-1: Swinging Strike
1-2: Strikes out swinging
Bottom of the 7th over - 0 runs, 2 hits, 0 errors, 2 left on base; Windy City 2 - York 1
TOP OF THE 8TH
Windy City ThunderBolts batting - Pitching for York Revolution : RHP Dave Gomez
Now at 1B: Joel Gomez
Batting: RHB David Laureano 0-0: Swinging Strike
0-1: Ball
1-1: Foul Ball, location: 2F
1-2: Strikes out swinging
Batting: RHB Joe Thomas 0-0: Foul Ball, location: 2F
0-1: Called Strike
0-2: Ball
1-2: Ball
2-2: Foul Ball, location: 2F
2-2: Foul Ball, location: 2F
2-2: Strikes out swinging
Batting: SHB Veit Geisler 0-0: Foul Ball, location: 2F
0-1: Foul Ball, location: 2F
0-2: Foul Ball, location: 2F
0-2: TRIPLE (Flyball, 78XD, EV 99.4 MPH)
Batting: LHB Jose Pereyra 0-0: Ball
1-0: Fly out, F4 (Popup, 4, EV 71.9 MPH)
Top of the 8th over - 0 runs, 1 hit, 0 errors, 1 left on base; Windy City 2 - York 1
BOTTOM OF THE 8TH
York Revolution batting - Pitching for Windy City ThunderBolts : LHP Keith O'Brien
Batting: RHB Juan Valadez 0-0: Foul Ball, location: 2F
0-1: Ball
1-1: Ball
2-1: SINGLE (Line Drive, 7S, EV 100.6 MPH)
Pitching: RHP Jose Rodriguez
Batting: RHB Jose Corral 0-0: Called Strike
0-1: Grounds into double play, 6-4-3 (Groundball, 6, EV 86.9 MPH)
Batting: LHB Eric Farren 0-0: Ball
1-0: Ball
2-0: Called Strike
2-1: Ball
3-1: Base on Balls
Batting: RHB Eddie Serna 0-0: Called Strike
0-1: Foul Ball, location: 2F
0-2: Strikes out looking
Bottom of the 8th over - 0 runs, 1 hit, 0 errors, 1 left on base; Windy City 2 - York 1
TOP OF THE 9TH
Windy City ThunderBolts batting - Pitching for York Revolution : RHP Dave Gomez
Pitching: RHP Bobby Acevedo
Batting: RHB David Cortez 0-0: Called Strike
0-1: Foul Ball, location: 2F
0-2: Ball
1-2: Ground out 1-3 (Groundball, 13, EV 66.2 MPH)
Batting: RHB Enrique Gomez 0-0: Ball
1-0: Ball
2-0: Ball
3-0: Called Strike
3-1: SINGLE (Line Drive, 4MD, EV 101.2 MPH)
Batting: SHB Andres Agudo 0-0: Called Strike
0-1: Called Strike
Enrique Gomez steals 2nd, throwing error, E2
Enrique Gomez to third
0-2: Ball
1-2: Strikes out swinging, 2-3 out at first.
Batting: SHB Noah Long 0-0: Ball
1-0: Ball
2-0: Called Strike
2-1: Called Strike
2-2: Ground out U3 (Groundball, 3S, EV 72.5 MPH)
Top of the 9th over - 0 runs, 1 hit, 1 error, 1 left on base; Windy City 2 - York 1
BOTTOM OF THE 9TH
York Revolution batting - Pitching for Windy City ThunderBolts : RHP Jose Rodriguez
Pitching: RHP Nate Myers
Batting: RHB Dave Gallegos 0-0: SINGLE (Groundball, 6D, EV 99.4 MPH)
Pinch Hitting: SHB Dana Guthrie 0-0: Sac Bunt to 2R - play at first, batter OUT! 2-3
Dave Gallegos to second
Batting: RHB Simon Mergeni 0-0: Fly out, F6 (Popup, 6MS, EV 80.6 MPH)
Batting: RHB Joel Gomez 0-0: Ball
1-0: Called Strike
1-1: Foul Ball, location: 2F
1-2: SINGLE (Groundball, 56S, EV 69.4 MPH) (infield hit)
Dave Gallegos to third
Batting: SHB Steve DeRienzo 0-0: Called Strike
0-1: Fly out, F5 (Popup, 56S, EV 86.9 MPH)
Bottom of the 9th over - 0 runs, 2 hits, 0 errors, 2 left on base; Windy City 2 - York 1
Tuesday, September 13th , 2022 - OOTP Baseball 23.7 Build 88